 Dungeon Crawl Stone Soup version 0.30-a0-50-gb2d611f6b1 (webtiles) character file.

Game seed: 2106495371345552444

2615 timneilson the Covered (level 9, -16/54 HPs)
             Began as a Gargoyle Fighter on Sept 3, 2022.
             Was a Believer of Okawaru.
             Killed from afar by a steam dragon (18 damage)
             ... with a ball of steam
             ... on level 8 of the Dungeon.
             The game lasted 00:13:58 (9015 turns).

timneilson the Covered (Gargoyle Fighter)           Turns: 9015, Time: 00:13:59

Health: -16/54     AC: 25    Str: 25    XL:     9   Next: 60%
Magic:  11/11      EV:  9    Int:  8    God:    Okawaru [**....]
Gold:   405        SH:  5    Dex:  9    Spells: 8/8 levels left

rFire   . . .      SeeInvis .    p - +3 scimitar
rCold   . . .      Faith    .    c - +0 buckler
rNeg    + . .      Spirit   .    n - +0 chain mail {Will+}
rPois   ∞          Reflect  .    d - +0 helmet
rElec   +          Harm     .    r - +0 cloak {rCorr}
rCorr   +          Rampage  .    (no gloves)
Will    +....                    s - +0 pair of boots
Stlth   ..........               (no amulet)
HPRegen 0.18/turn                g - +4 ring of protection
MPRegen 0.12/turn                (no ring)

@: no status effects
A: sickness immunity, AC +6, negative energy resistance 1, electricity
resistance, torment resistance 1, petrification resistance
a: Renounce Religion, Heroism


You were on level 8 of the Dungeon.
You worshipped Okawaru.
Okawaru was pleased with you.
You visited 2 branches of the dungeon, and saw 9 of its levels.

You collected 405 gold pieces.

Inventory:

Hand Weapons
 a - a +1 long sword
 p - a +3 scimitar (weapon)
Armour
 c - a +0 buckler (worn)
 d - a +0 helmet (worn)
 n - a +0 chain mail of willpower (worn)
 o - a +0 plate armour
 r - a +0 cloak of preservation (worn)
 s - a +0 pair of boots (worn)
Jewellery
 g - a +4 ring of protection (left hand)
Wands
 b - a wand of paralysis (17)
Scrolls
 j - a scroll of fear
 m - 2 scrolls of blinking
 q - 2 scrolls of teleportation
Potions
 e - 2 potions of flight
 f - 2 potions of invisibility
 h - a potion of heal wounds
 i - 3 potions of curing
 k - a potion of brilliance
 l - 2 potions of might


   Skills:
 + Level 5.6 Fighting
 * Level 5.7 Long Blades
 * Level 7.4 Armour
 + Level 3.2 Dodging
 * Level 7.3 Shields
 + Level 3.0 Invocations
 + Level 2.6 Evocations


You had 8 spell levels left.
You didn't know any spells.
Your spell library contained the following spells:

 Spells                   Type           Power      Damage    Failure   Level
 Wereblood                Tmut           0%         N/A       99%         2
 Sublimation of Blood     Necr           Unusable   N/A       N/A         2
 Summon Hydra             Summ           Unusable   N/A       N/A         7

Dungeon Overview and Level Annotations

Branches:
Dungeon (8/15)             Temple (1/1) D:4
   Lair: D:8-11

Altars:
Ashenzari
Cheibriados
Dithmenos
Elyvilon
Fedhas
Gozag
Hepliaklqana
Kikubaaqudgha
Makhleb
Nemelex Xobeh
Okawaru
Qazlal
Ru
Sif Muna
Trog
Vehumet
Wu Jian
Xom
Yredelemnul
Zin
The Shining One

Shops:
D:7 *?


Innate Abilities, Weirdness & Mutations

You are immune to sickness and miasma.
Your stone body is resilient. (AC +6)
You are immune to poison.
You resist negative energy. (rN+)
You are resistant to electric shocks. (rElec)
You are resistant to unholy torment.
You are immune to petrification.


Message History

The orc hits you but does no damage.
There is a stone staircase leading up here.
You closely miss the orc. You block the orc's attack.
You completely miss the orc.
The steam dragon hisses angrily.
You block the orc's attack.
You slash the orc!
You kill the orc!
Okawaru accepts your kill. The shadow imp gestures at you.
You easily resist.
The shadow imp barely misses you. The steam dragon breathes steam at you.
The ball of steam hits the shadow imp!
The shadow imp dies!
The ball of steam hits you!
You barely miss the orc.
You are engulfed in a cloud of scalding steam.
The orc hits you but does no damage.
An orc comes into view. It is wielding a +0 rapier.
The orc barely misses you.
The orc moves out of view.
You closely miss the steam dragon.
The orc is engulfed in a cloud of scalding steam.
The orc hits you but does no damage. The steam dragon breathes steam at you.
The ball of steam misses you.
You slash the orc!
You kill the orc!
Okawaru accepts your kill.
You are engulfed in a cloud of scalding steam.
An orc wizard comes into view.
It is wielding a +0 dagger and wearing a +2 robe of the Archmagi.
The steam dragon breathes steam at you. The ball of steam hits you!
* * * LOW HITPOINT WARNING * * *
The orc wizard points at you and mumbles some strange words.
The puff of flame hits you.
* * * LOW HITPOINT WARNING * * *
The steam dragon breathes steam at you. The ball of steam hits you!!
You die...

....... .
#........ ..
####........ .
.##.........# ..
..........#
...##§§#.....##.
o..o..D.§....(..
.....§§§)§......
.......@§§§.....
.####..)§.§##.##
......).§.#
#####.##..§.. #.
.§...# ## ..##.#
.<# ## #.# ##


You could see a steam dragon (catching breath), an orc wizard and an orc.

Vanquished Creatures
  Sigmund (D:2)
  A steam dragon (D:6)
  Menkaure (D:6)
  A water moccasin (D:5)
  Duvessa (D:6)
  2 black bears
  A centaur (D:7)
  3 phantoms
  A kobold brigand (D:5)
  2 bullfrogs
  2 scorpions
  8 wights
  Dowan (D:6)
  A howler monkey (D:5)
  2 electric eels (D:7)
  A hound (D:6)
  2 jellies
  A gnoll bouda (D:7)
  2 orc priests
  Crazy Yiuf (D:7)
  Ijyb (D:3)
  Terence (D:3)
  2 iguanas
  3 orc wizards
  Robin (D:3)
  5 gnolls
  6 adders
  A shadow imp (D:6)
  A white imp (D:5)
  An ufetubus (D:4)
  3 worms
  2 dart slugs
  23 orcs
  6 ball pythons
  6 endoplasms
  4 giant cockroaches
  15 goblins
  8 hobgoblins
  9 jackals
  2 quokkas
  7 bats
  2 frilled lizards
  4 kobolds
  7 rats
155 creatures vanquished.

Vanquished Creatures (others)
  A shadow imp (D:8)
  2 kobolds
  2 plants (D:3)
5 creatures vanquished.

Grand Total: 160 creatures vanquished

Notes
Turn   | Place    | Note
-------+----------+-------------------------------------------
     0 | D:1      | timneilson the Gargoyle Fighter began the quest for the
                  | Orb.
     0 | D:1      | Reached XP level 1. HP: 14/14 MP: 1/1
   211 | D:1      | Reached XP level 2. HP: 19/19 MP: 2/2
   828 | D:1      | Reached XP level 3. HP: 20/23 MP: 3/3
   985 | D:1      | Found a faded altar of an unknown god.
  1396 | D:2      | Noticed Sigmund
  1402 | D:2      | Killed Sigmund
  1403 | D:2      | Reached skill level 1 in Dodging
  1403 | D:2      | Reached XP level 4. HP: 20/29 MP: 4/4
  1403 | D:2      | Reached XP level 5. HP: 23/33 MP: 5/5
  2211 | D:3      | Reached XP level 6. HP: 31/38 MP: 6/6
  2501 | D:3      | Noticed Robin
  2523 | D:3      | Killed Robin
  3104 | D:3      | Noticed Ijyb
  3110 | D:3      | Noticed Terence
  3116 | D:3      | Paralysed by Ijyb for 4 turns
  3129 | D:3      | Killed Ijyb
  3130 | D:3      | Reached skill level 5 in Armour
  3157 | D:3      | Killed Terence
  3475 | D:3      | Reached skill level 5 in Shields
  3475 | D:3      | Reached XP level 7. HP: 22/43 MP: 7/7
  4542 | D:4      | Found a staircase to the Ecumenical Temple.
  4551 | Temple   | Entered the Ecumenical Temple
  4933 | Temple   | Became a worshipper of Warmaster Okawaru
  4975 | D:5      | Entered Level 5 of the Dungeon
  5080 | D:5      | Found a burning altar of Makhleb.
  5085 | D:5      | Found a glowing silver altar of Zin.
  5085 | D:5      | Noticed an angel
  5085 | D:5      | Noticed a green death
  5424 | D:5      | Reached XP level 8. HP: 43/48 MP: 8/8
  5565 | D:5      | Reached skill level 1 in Evocations
  5999 | D:6      | Noticed Dowan
  6000 | D:6      | Noticed Duvessa
  6028 | D:5      | Reached skill level 1 in Invocations
  6442 | D:6      | Killed Duvessa
  6442 | D:6      | Reached * piety under Okawaru
  6453 | D:6      | Killed Dowan
  6665 | D:6      | Reached skill level 5 in Fighting
  6845 | D:6      | Reached skill level 5 in Long Blades
  7108 | D:6      | Noticed Menkaure
  7118 | D:6      | Killed Menkaure
  7119 | D:6      | Reached XP level 9. HP: 52/54 MP: 10/10
  7764 | D:6      | Reached ** piety under Okawaru
  8082 | D:7      | Found a runed translucent door.
  8083 | D:7      | Noticed Crazy Yiuf
  8094 | D:7      | Killed Crazy Yiuf
  8560 | D:7      | Found Dog Fiang's General Store.
  8568 | D:7      | Found Ychetea's Magic Scroll Boutique.
  8615 | D:7      | Identified the +6 war axe "Ehoh" {vorpal, Str+4}
  9015 | D:8      | HP: 2/54 [orc wizard/puff of flame (5)]
  9015 | D:8      | Killed from afar by a steam dragon

Illustrated notes

Levels and vault maps discovered:
D:1:      roderic_octagonal_star, layout_loops_ring,
          dreamdust_ecumenical_altar_hidden_monk_grotto
D:2:      layout_loops_corners, uniq_sigmund
D:3:      layout_basic, minmay_misc_feat_hallway, serial_bayou_pond_a,
          uniq_terence, uniq_robin, uniq_ijyb
D:4:      layout_rooms, lemuel_temple_firewalk_b, chequers_decorated_corner
D:5:      layout_basic, grunt_temple_overflow_order_and_chaos_2
D:6:      layout_cave_pools, uniq_menkaure, uniq_duvessa
D:7:      layout_rooms, nicolae_wooded_promenade, solitary_fountain,
          uniq_crazy_yiuf_cottage
D:8:      layout_basic, nicolae_uskayaw_dance_hall, minmay_lair_entry_grove,
          uniq_maurice
Temple:   compressed_dpeg_triangle_lava_temple

Skill      XL: |  1  2  3  4  5  6  7  8  9 |
---------------+----------------------------+-----
Long Blades    | 2 3 4 5 |  5.7
Armour         | 4 5 6 7 |  7.4
Dodging        | 1 2 3 |  3.2
Shields        | 4 5 6 7 |  7.3
Fighting       | 4 5 |  5.6
Evocations     | 2 |  2.6
Invocations    | 2 3 |  3.0

Action                   |  1- 3 |  4- 6 |  7- 9 || total
-------------------------+-------+-------+-------++-------
Melee: Long sword        |   129 |   300 |   402 ||   831
       Scimitar          |       |       |   152 ||   152
Invok: Heroism           |       |       |     2 ||     2
  Use: Scroll            |     4 |     7 |     6 ||    17
       Potion            |     1 |     1 |     1 ||     3
Armor: Scale mail        |    26 |       |       ||    26
       Chain mail        |    67 |   298 |   458 ||   823
Dodge: Dodged            |    52 |   122 |   277 ||   451
Block: Buckler           |    30 |    78 |   165 ||   273

Table legend: (Time is in decaauts)
 A = Elapsed time spent in this place.
 B = Non-inter-level travel time spent in this place.
 C = Inter-level travel time spent in this place.
 D = Time resting spent in this place.
 E = Time spent auto-exploring this place.
 F = Levels seen in this place.
 G = Mean time per level.
                   A        B        C        D        E       F      G
               +--------+--------+--------+--------+--------+-----+--------+
         Total |   9265 |   9100 |    165 |   1287 |   5689 |   9 | 1029.4 |
       Dungeon |   8878 |   8728 |    150 |   1287 |   5334 |   8 | 1109.8 |
        Temple |    387 |    372 |     15 |      0 |    355 |   1 |  387.0 |
               +--------+--------+--------+--------+--------+-----+--------+

Top non-repeatable levels by time:
     D:5: 1822 daAuts
     D:3: 1535 daAuts
     D:6: 1278 daAuts
     D:1: 1192 daAuts
     D:4: 1026 daAuts
     D:7: 994 daAuts
     D:2: 994 daAuts
  Temple: 387 daAuts
     D:8: 34 daAuts
